 Dungeon Crawl Stone Soup version 0.31-a0-187-gba352fbbf7 (webtiles) character file.

Game seed: 11940283461039275445

18 qw the Shooter (level 2, -2/16 HPs)
             Began as a Deep Elf Hunter on June 22, 2023.
             Slain by a quokka (4 damage)
             ... on level 1 of the Dungeon.
             The game lasted 00:00:08 (298 turns).

qw the Shooter (Deep Elf Hunter)                     Turns: 298, Time: 00:00:09

Health: -2/16      AC:  3    Str:  8    XL:     2   Next: 51%
Magic:  4/4        EV: 12    Int: 13    God:
Gold:   15         SH:  0    Dex: 18    Spells: 1/1 levels left

rFire   . . .        a - +0 shortbow
rCold   . . .        (shield currently unavailable)
rNeg    . . .        c - +0 leather armour
rPois   .            (no helmet)
rElec   .            (no cloak)
rCorr   .            (no gloves)
SInv    .            (no boots)
Will    .....        (no amulet)
Stlth   ++           (no ring)
HPRegen 0.22/turn    (no ring)
MPRegen 0.09/turn

%: no passive effects
@: no status effects
A: no striking features
a: no special abilities


You were on level 1 of the Dungeon.
You visited 1 branch of the dungeon, and saw 1 of its levels.

You collected 15 gold pieces.


   Skills:
 - Level 1.5 Fighting
 + Level 6.3 Ranged Weapons
 - Level 2.4 Dodging
 - Level 1.2 Stealth


You had one spell level left.
You didn't know any spells.
Your spell library was empty.

Inventory:

Hand Weapons
 a - a +0 shortbow (weapon)
Armour
 c - a +0 leather armour (worn)
 f - a +0 scale mail
 h - a +0 pair of gloves
Scrolls
 b - a scroll of butterflies
 e - a scroll of teleportation {unknown}
 g - a scroll of identify {unknown}
 i - a scroll of poison {unknown}
Potions
 d - a potion of brilliance {unknown}

Dungeon Overview and Level Annotations

Branches:
Dungeon (1/15)

Altars:


Message History

A kobold comes into view. It is wielding a +0 dagger.
You shoot an arrow. The arrow hits the kobold.
You kill the kobold!
A goblin comes into view. It is wielding a +0 dagger.
You shoot an arrow. The goblin shouts!
The arrow hits the kobold but does no damage.
You shoot an arrow.
The arrow hits the kobold but does no damage.
A quokka comes into view.
You shoot an arrow. The arrow barely misses the kobold.
A hobgoblin comes into view.
You shoot an arrow. The arrow hits the kobold!
You kill the kobold!
You shoot an arrow. The arrow hits the goblin!
You kill the goblin!
You shoot an arrow. The arrow closely misses the quokka.
You shoot an arrow. The arrow barely misses the quokka.
The arrow closely misses the hobgoblin.
The quokka bites you but does no damage.
You shoot an arrow. The arrow hits the quokka.
The quokka is moderately wounded.
The quokka barely misses you.
You shoot an arrow. The arrow closely misses the quokka.
The arrow hits the hobgoblin but does no damage.
The quokka misses you.
A rat comes into view.
The quokka bites you. The hobgoblin barely misses you.
A frilled lizard comes into view.
You shoot an arrow. The arrow barely misses the quokka.
The quokka misses you. The hobgoblin hits you.
You shoot an arrow.
The arrow hits the quokka but does no damage.
The quokka is moderately wounded.
The quokka barely misses you. The hobgoblin closely misses you.
You shoot an arrow. The arrow barely misses the quokka.
The quokka bites you. The hobgoblin hits you.
The rat twitches its whiskers.
The rat barely misses you. The quokka bites you.
You die...

......... .........
+..>... ..).##### #
#..... ....### .# #....
......####.# %)..# #
...........### #)..#.###
...........#.. #).......
...........#.###rg......
..####.....#.#..@.......
...# #...#.#.#.r.#%#+#.#
...# #...#.#.#.#.# #
...# #...#.#.#...#
##.###...#.#...#.#
#...+...........#
#####...###..####
####.............
...#.#####...#######


You could see a quokka, a hobgoblin and a rat.

Vanquished Creatures
  A dart slug (D:1)
  2 ball pythons (D:1)
  An endoplasm (D:1)
  2 giant cockroaches (D:1)
  A hobgoblin (D:1)
  A bat (D:1)
  A frilled lizard (D:1)
  A goblin (D:1)
  6 kobolds (D:1)
  A rat (D:1)
17 creatures vanquished.

Notes
Turn   | Place    | Note
-------+----------+-------------------------------------------
     0 | D:1      | qw the Deep Elf Hunter began the quest for the Orb.
     0 | D:1      | Reached XP level 1. HP: 12/12 MP: 3/3
     0 | D:1      | 0 ||| qw: Version: 0.3-a-9-g12657ce
     0 | D:1      | 0 ||| qw: Game counter: 2411
     0 | D:1      | 0 ||| qw: Always use a shield: true
     0 | D:1      | 0 ||| qw: God list: Okawaru
     0 | D:1      | 0 ||| qw: Allow faded altars: false
     0 | D:1      | 0 ||| qw: Do Orc after D:15 true
     0 | D:1      | 0 ||| qw: Do second Lair branch before Depths: true
     0 | D:1      | 0 ||| qw: Lair rune preference: random
     0 | D:1      | 0 ||| qw: Plans: Normal
     0 | D:1      | 0 ||| PLANNING D:1-11
   196 | D:1      | Reached skill level 6 in Ranged Weapons
   196 | D:1      | Reached XP level 2. HP: 16/16 MP: 4/4
   298 | D:1      | HP: 2/16 [hobgoblin (4)]
   298 | D:1      | Slain by a quokka

Levels and vault maps discovered:
D:1:      saegor_arrival_miasma, layout_basic,
          hellmonk_ecumenical_altar_pennies_from_heaven

Skill      XL: |  1 |
---------------+----+-----
Ranged Weapons | 6 |  6.3
Fighting       | |  1.5
Dodging        | |  2.4
Stealth        | |  1.2

Action                     || total
---------------------------++-------
   Fire: Shortbow          ||    39
 Armour: Leather armour    ||     1
  Dodge: Dodged            ||     7

Table legend:
 A = Non-vault XP
 B = Vault XP
 C = Vault XP percentage of total XP
 D = Non-vault monster count
 E = Vault monster count
 F = Vault count percentage of total count
                 A         B        C        D         E       F
            +---------+---------+-------+---------+---------+-------
      Total |      27 |       0 |   0.0 |      17 |       0 |   0.0
            +---------+---------+-------+---------+---------+-------
        D:1 |      27 |       0 |   0.0 |      17 |       0 |   0.0
            +---------+---------+-------+---------+---------+-------
